 Dungeon Crawl Stone Soup version 0.30-a0-779-g7971cf19c3 (webtiles) character file.

Game seed: 7500972855386774256

309 Farfigtubin the Sneak (level 6, -5/37 HPs)
             Began as a Kobold Brigand on Feb 17, 2023.
             Slain by a gnoll
             ... wielding a +0 halberd
              (11 damage)
             ... on level 2 of the Dungeon.
             The game lasted 00:17:27 (2308 turns).

Farfigtubin the Sneak (Kobold Brigand)              Turns: 2308, Time: 00:17:28

Health: -5/37      AC:  4    Str:  8    XL:     6   Next: 69%
Magic:  6/6        EV: 16    Int: 12    God:
Gold:   105        SH:  0    Dex: 19    Spells: 5/5 levels left

rFire   . . .      SeeInvis .    z - +0 short sword (speed)
rCold   . . .      Faith    .    (no shield)
rNeg    . . .      Spirit   .    b - +0 robe
rPois   .          Reflect  .    (no helmet)
rElec   .          Harm     .    c - +0 cloak
rCorr   .          Rampage  .    x - +0 pair of gloves
Will    .....                    (no boots)
Stlth   +++++                    (no amulet)
HPRegen 0.26/turn                (no ring)
MPRegen 0.10/turn                (no ring)

@: no status effects
A: small, no large weapons, nightstalker 3
a: no special abilities


You were on level 2 of the Dungeon.
You visited 1 branch of the dungeon, and saw 3 of its levels.

You collected 105 gold pieces.

Inventory:

Hand Weapons
 a - a +2 dagger
 z - a +0 short sword of speed (weapon)
Missiles
 d - 4 poisoned darts (quivered)
 e - 3 curare-tipped darts
 f - 5 boomerangs of dispersal
 l - 4 atropa-tipped darts
Armour
 b - a +0 robe (worn)
 c - a +0 cloak (worn)
 x - a +0 pair of gloves (worn)
Scrolls
 h - a scroll of enchant weapon {unknown}
 i - 2 scrolls of identify {unknown}
 m - a scroll of silence {unknown}
 n - a scroll of vulnerability {unknown}
 o - 3 scrolls of amnesia {unknown}
 r - a scroll of blinking {unknown}
 t - 2 scrolls of noise {unknown}
 u - a scroll of enchant armour {unknown}
 y - a scroll of immolation {unknown}
Potions
 g - 2 potions of lignification {unknown}
 j - 2 potions of brilliance {unknown}
 k - 2 potions of invisibility {unknown}
 p - a potion of cancellation {unknown}
 q - a potion of degeneration {unknown}
 s - 2 potions of magic {unknown}
 v - a potion of ambrosia {unknown}
 w - a potion of attraction {unknown}


   Skills:
 + Level 3.4 Fighting
 + Level 4.2 Short Blades
 + Level 3.5 Throwing
 + Level 3.1 Dodging
 * Level 7.4 Stealth


You had 5 spell levels left.
You didn't know any spells.
Your spell library was empty.

Dungeon Overview and Level Annotations

Branches:
Dungeon (3/15)

Altars:
Fedhas
Hepliaklqana


Innate Abilities, Weirdness & Mutations

You are small and have problems with some larger weapons.
You are completely attuned to the shadows.


Message History

Things that are here:
a +0 spear; a poisoned dart The adder attacks as you move away!
The adder bites you but does no damage. The adder closely misses you.
You closely miss the adder. The adder bites you.
You hit the adder but do no damage. The adder misses you.
The adder attacks as you move away! The adder bites you.
The adder attacks as you move away! The adder bites you. The adder misses you.
The gnoll attacks as you move away! The gnoll misses you.
You hit the gnoll but do no damage. The gnoll closely misses you.
You hit the gnoll.
The gnoll is moderately wounded.
You hit the gnoll but do no damage.
The gnoll is moderately wounded.
The gnoll closely misses you. The gnoll hits you but does no damage.
You hit the gnoll.
The gnoll is heavily wounded.
You hit the gnoll.
The gnoll is severely wounded.
The gnoll misses you.
You hit the gnoll.
You kill the gnoll!
You miss the adder.
The gnoll hits you from afar with a +0 halberd!
* * * LOW HITPOINT WARNING * * *
The adder barely misses you.
You closely miss the adder. You hit the adder.
The adder is lightly wounded.
The adder misses you. The gnoll closely misses you.
You hit the adder.
The adder is moderately wounded.
The adder bites you.
* * * LOW HITPOINT WARNING * * *
You hit the adder. You punch the adder.
The adder is almost dead.
The gnoll hits you from afar with a +0 halberd!
You die...

.....##)##.#.#.#.#.....#..####
.....##.#.###.............#
.....##.##.#.#.....########
.....##.###.##.###.##
.....##.###.#.## ##.##
..)..##......## ##.####
#..........g.# #....#
###.########S## ##.##.# #.
##@## ##.###.# #. #..###.##
#.# #.#....# #.# #.####.# #.#
#.# #.# #.# #.####.####.# #.#
#[..........# #.#
##.####.###### #.# #.......#


You could see a gnoll and an adder.

Vanquished Creatures
  Sigmund (D:2)
  6 gnolls
  3 adders (D:2)
  4 worms
  An orc (D:3)
  8 ball pythons
  4 bats
  6 endoplasms
  2 giant cockroaches
  5 goblins
  5 hobgoblins
  7 jackals (D:2)
  A frilled lizard (D:3)
  5 kobolds
  7 rats
65 creatures vanquished.

Vanquished Creatures (others)
  5 fungi (D:3)
5 creatures vanquished.

Grand Total: 70 creatures vanquished

Notes
Turn   | Place    | Note
-------+----------+-------------------------------------------
     0 | D:1      | Farfigtubin the Kobold Brigand began the quest for the Orb.
     0 | D:1      | Reached XP level 1. HP: 12/12 MP: 1/1
    95 | D:1      | Reached XP level 2. HP: 17/18 MP: 2/2
   131 | D:1      | Found a faded altar of an unknown god.
   330 | D:1      | Reached XP level 3. HP: 19/22 MP: 3/3
   920 | D:2      | Reached skill level 6 in Stealth
  1199 | D:2      | Reached XP level 4. HP: 27/27 MP: 4/4
  1267 | D:2      | Found a blossoming altar of Fedhas.
  1344 | D:2      | Noticed Sigmund
  1348 | D:2      | Killed Sigmund
  1349 | D:2      | Reached skill level 7 in Stealth
  1349 | D:2      | Reached XP level 5. HP: 32/32 MP: 5/5
  1349 | D:2      | Reached XP level 6. HP: 37/37 MP: 6/6
  1780 | D:3      | Found a hazy altar of Hepliaklqana.
  2308 | D:2      | Slain by a gnoll

Illustrated notes

Levels and vault maps discovered:
D:1:      heliophobic_arrival_ceremonial_halls, layout_loops_ring,
          shapermc_ecumenical_altar_totnotflames
D:2:      layout_loops_ring, basic_altar, uniq_sigmund
D:3:      layout_rooms, mainiacjoe_overflow_chevrons

Skill      XL: |  1  2  3  4  5  6 |
---------------+-------------------+-----
Short Blades   | 3 4 |  4.2
Stealth        | 6 7 |  7.4
Dodging        | 2 3 |  3.1
Fighting       | 3 |  3.4
Throwing       | 3 |  3.5

Action                     |  1- 3 |  4- 6 || total
---------------------------+-------+-------++-------
  Melee: Dagger            |    92 |    57 ||   149
         Punch             |     3 |     2 ||     5
         Short sword       |       |    63 ||    63
  Throw: Dart              |     3 |    28 ||    31
   Stab: Sleeping          |    21 |     9 ||    30
 Armour: Robe              |    13 |    10 ||    23
  Dodge: Dodged            |    46 |    71 ||   117

Table legend: (Time is in decaauts)
 A = Elapsed time spent in this place.
 B = Non-inter-level travel time spent in this place.
 C = Inter-level travel time spent in this place.
 D = Time resting spent in this place.
 E = Time spent auto-exploring this place.
 F = Levels seen in this place.
 G = Mean time per level.
                   A        B        C        D        E       F      G
               +--------+--------+--------+--------+--------+-----+--------+
         Total |   2246 |   2226 |     20 |    134 |    310 |   3 |  748.7 |
       Dungeon |   2246 |   2226 |     20 |    134 |    310 |   3 |  748.7 |
               +--------+--------+--------+--------+--------+-----+--------+

Top non-repeatable levels by time:
     D:2: 906 daAuts
     D:1: 869 daAuts
     D:3: 470 daAuts
